 Dungeon Crawl Stone Soup version 0.29-a0-477-g62b78b4225 (console) character file.

Game seed: 4576048422822260649

177 Faeu the Sneak (level 5, 0/28 HPs)
             Began as a Vampire Enchanter on May 25, 2022.
             Slain by Ijyb
             ... wielding a +0 club
              (3 damage)
             ... on level 3 of the Dungeon.
             The game lasted 00:11:00 (2706 turns).

Faeu the Sneak (Vampire Enchanter)                  Turns: 2706, Time: 00:11:01

Health: 0/28       AC:  5    Str:  7    XL:     5   Next: 30%
Magic:  8/8        EV: 13    Int: 18    God:
Gold:   102        SH:  0    Dex: 19    Spells: 8/8 levels left

rFire   + . .      SeeInvis +   a - +1 dagger {short}
rCold   + + +      Faith    .   (no shield)
rNeg    + + +      Spirit   .   w - +0 leather armour "Baily" {rF+ rC+ Dex+3}
rPois   ∞          Reflect  .   h - +0 hat
rElec   .          Harm     .   i - +0 cloak
rCorr   .          Rampage  .   l - +0 pair of gloves
Will    .....                   (no boots)
Stlth   ++++++....              (no amulet)
HPRegen 0.00/turn               (no ring)
MPRegen 0.11/turn               (no ring)

@: bloodless, inhibited regen
A: bloodless, fangs 3, see invisible, vampiric 2
a: Bat Form, Revivify


You were on level 3 of the Dungeon.
You visited 1 branch of the dungeon, and saw 3 of its levels.

You collected 102 gold pieces.


Innate Abilities, Weirdness & Mutations

You do not regenerate when monsters are visible.
You are frail without blood (-20% HP).
You can heal yourself when you bite living creatures.
You are immune to poison.
You have razor-sharp teeth.
You have supernaturally acute eyesight. (SInv)
You are afflicted with vampirism and can become a bat while bloodless.


   Skills:
 + Level 2.2 Short Blades
 + Level 4.3 Dodging
 + Level 7.0 Stealth
 - Level 2.0 Spellcasting
 - Level 4.4 Hexes


You had 8 spell levels left.
You didn't know any spells.
Your spell library contained the following spells:

 Spells                   Type           Power      Damage    Failure   Level
 Confusing Touch          Hex            17%        N/A       14%         3
 Tukima's Dance           Hex            17%        N/A       14%         3
 Ensorcelled Hibernation  Hex/Ice        18%        N/A       17%         2
 Dazzling Flash           Conj/Hex       18%        N/A       32%         3

Inventory:

Hand Weapons
 a - a +1 dagger (weapon) {short}
Missiles
 g - 11 poisoned darts {throwing}
 o - 67 stones (quivered) {throwing}
Armour
 b - a +0 robe
 d - a +0 leather armour
   (You found it on level 1 of the Dungeon)
 e - a +0 ring mail
   (You found it on level 1 of the Dungeon)
 f - a +0 robe
   (You found it on level 1 of the Dungeon)
 h - a +0 hat (worn)
   (You found it on level 1 of the Dungeon)
 i - a +0 cloak (worn)
   (You found it on level 1 of the Dungeon)
 k - a +0 helmet
   (You found it on level 1 of the Dungeon)
 l - a +0 pair of gloves (worn)
   (You found it on level 1 of the Dungeon)
 w - the +0 leather armour "Baily" (worn) {rF+ rC+ Dex+3}
   (You found it on level 2 of the Dungeon)

   Dex:       It affects your dexterity (+3).
   rF:        It protects you from fire.
   rC:        It protects you from cold.
Scrolls
 j - 2 scrolls of amnesia
 p - a scroll of vulnerability {unknown}
 q - a scroll of noise {unknown}
 s - a scroll of immolation {unknown}
 t - a scroll of poison {unknown}
 x - a scroll of identify {unknown}
 y - a scroll of enchant weapon {unknown}
Potions
 c - 2 potions of invisibility
 m - 2 potions of might {unknown}
 n - a potion of mutation {unknown}
 r - a potion of brilliance {unknown}
 u - a potion of haste {unknown}
 v - a potion of curing {unknown}

Dungeon Overview and Level Annotations

Branches:
Dungeon (3/15)

Altars:

Shops:
D:3 =

Annotations:
D:3 Ijyb

########## #........#
####.######.#
#.g@..#####.#
#.##..#.....#
#.##..#.#####
#.##..#.#######
######g#####.#.........
.
#.g...)##...>..^......#
#
#.#######.##.#.#.###..#
# #.# #.##.#.#.# #..###
#.# #....#.#.###.....
#g# ####.#.#..##!....
#.# #.#.#..##.#..†


You could see Ijyb.


Message History

You take 13 damage, and now have 8/35 hp.
MASSIVE DAMAGE!! (PAUSE)
You hit the orc priest. The orc priest barely misses you.
You barely miss the orc priest.
The orc priest hits you with a +0 hand axe.
* * * LOW HITPOINT WARNING * * *
😱 HP[-2]
You take 2 damage, and now have 6/35 hp.
You hit the orc priest.
The orc priest hits you but does no damage. 😱 HP[+1]
You barely miss the orc priest. You closely miss the orc priest.
The ball python hisses angrily.
The orc priest misses you.
You hit the orc priest.
The orc priest hits you with a +0 hand axe.
* * * LOW HITPOINT WARNING * * *
😱 HP[-2]
You take 2 damage, and now have 5/35 hp.
You hit the orc priest.
The orc priest hits you with a +0 hand axe.
* * * LOW HITPOINT WARNING * * *
😱 HP[-2]
You take 2 damage, and now have 3/35 hp.
You hit the orc priest. The orc priest barely misses you.
You hit the orc priest.
You kill the orc priest!
Your Short Blades skill increases to level 2!
Your Stealth skill increases to level 7!
You hit the ball python.
The ball python barely misses you. x2 😱 HP[+1]
You hit the ball python.
You kill the ball python!
Items here: )))) ††. 😱 HP[+1]
A hobgoblin comes into view. 😱 HP[+1]
Items here: )))) ††. 😱 HP[+1]
You begin bloodletting.
You continue bloodletting. x4
The hobgoblin hits you.
* * * LOW HITPOINT WARNING * * *
You continue bloodletting.
The hobgoblin hits you.
* * * LOW HITPOINT WARNING * * *
You become bloodless. 😱 HP[-2]
You now have 28 max hp (-7).
The hobgoblin attacks as you move away! The hobgoblin hits you.
* * * LOW HITPOINT WARNING * * *
😱 HP[-2]
You take 2 damage, and now have 3/28 hp.
The hobgoblin attacks as you move away!
The hobgoblin hits you but does no damage.
You see here 5 gold pieces.
You hear the brisk rusting of a very distant drain.
You hit the hobgoblin. The hobgoblin barely misses you.
You hit the hobgoblin.
You kill the hobgoblin!
You see here a hobgoblin corpse.
You now have 102 gold pieces (gained 5).
Items here: )))) ††. 😱 HP[+1] 😱 HP[+1] 😱 HP[+1]
There is a stone staircase leading down here. 😱 HP[+1]
You hear the brisk rusting of a distant drain.
A goblin comes into view. It is wielding a +0 dagger.
You start resting.
You hear the quick rusting of a distant drain. 😨 HP[+5]
You regained 5 hp, and now have 12/28 hp.
The goblin shouts!
You hit the goblin. You hit the goblin but do no damage.
The goblin hits you but does no damage.
You hit the goblin.
You kill the goblin!
A goblin comes into view. It is wielding a +0 club.
You see here a +0 dagger {short}.
The goblin shouts!
You hit the goblin.
You kill the goblin!
o - 67 stones {throwing} (gained 22);
y - a scroll labelled TISUUCK WIOSHRI You see here a +0 club {mace}.
Ijyb the Twisted Goblin comes into view.
She is wielding a +0 club and carrying a wand of iceblast (8).
Ijyb shouts!
Ijyb zaps a wand.
The mass of ice explodes!
The iceblast engulfs you! You partially resist.
* * * LOW HITPOINT WARNING * * *
😱 HP[-10]
You take 10 damage, and now have 2/28 hp.
MASSIVE DAMAGE!! (PAUSE) 😱 HP[+1]
You see here a +0 dagger {short}.
Ijyb closely misses you.
You miss Ijyb. Ijyb hits you but does no damage.
You hit Ijyb but do no damage. Ijyb hits you with a +0 club.
You die...

Skill      XL: |  1  2  3  4  5 |
---------------+----------------+-----
Stealth        | 5 6 7 |  7.0
Dodging        | 3 4 |  4.3
Short Blades   | 2 |  2.2
Spellcasting   | |  2.0
Hexes          | |  4.4

Action                   |  1- 3 |  4- 6 || total
-------------------------+-------+-------++-------
Melee: Dagger            |   129 |   117 ||   246
       Bite              |    10 |     8 ||    18
       Punch             |       |     1 ||     1
Throw: Dart              |     6 |       ||     6
       Stone             |     5 |       ||     5
 Abil: Exsanguinate      |       |     1 ||     1
  Use: Scroll            |     1 |       ||     1
 Stab: Sleeping          |    12 |     2 ||    14
Armor: Robe              |    19 |       ||    19
       Leather armour    |       |    28 ||    28
Dodge: Dodged            |    67 |    58 ||   125

Levels and vault maps discovered:
D:1:      lightli_arrival_noodles, layout_loops_corners,
          hellmonk_ecumenical_altar_crossroads, serial_bayou_lagoon_a
D:2:      layout_basic
D:3:      layout_basic, elyvilon_altar_4, serial_shops, nicolae_shop_stone,
          gup_sewer_entry_spiral, guppyfry_early_orc_mine, uniq_ijyb

Notes
Turn   | Place    | Note
-------+----------+-------------------------------------------
     0 | D:1      | Faeu the Vampire Enchanter began the quest for the Orb.
     0 | D:1      | Reached XP level 1. HP: 13/13 MP: 3/3
     0 | D:1      | magus.rc [v1.9.6]
   286 | D:1      | Reached skill level 5 in Stealth
   286 | D:1      | Reached XP level 2. HP: 19/19 MP: 5/5
   301 | D:1      | Found a faded altar of an unknown god.
   600 | D:1      | Reached skill level 3 in Dodging
   992 | D:2      | HP: 4/19 [worm (9)]
  1179 | D:2      | Gained mutation: You are afflicted with vampirism and can
                  | become a bat while bloodless. [Vampire growth]
  1179 | D:2      | Reached XP level 3. HP: 16/24 MP: 6/6
  1577 | D:2      | Reached skill level 6 in Stealth
  1975 | D:2      | Identified the +0 leather armour "Baily" {rF+ rC+ Dex+3}
  2088 | D:3      | Found Ticlisub's Jewellery Emporium.
  2095 | D:3      | Reached XP level 4. HP: 30/30 MP: 7/7
  2229 | D:3      | HP: 7/30 [orc/+0 short sword (5)]
  2347 | D:3      | Reached skill level 4 in Dodging
  2512 | D:3      | Reached XP level 5. HP: 31/35 MP: 8/8
  2532 | D:3      | HP: 8/35 [orc priest/nerve-wracking pain (13)]
  2538 | D:3      | HP: 5/35 [orc priest/+0 hand axe (3)]
  2542 | D:3      | Reached skill level 2 in Short Blades
  2542 | D:3      | Reached skill level 7 in Stealth
  2558 | D:3      | HP: 8/35 [hobgoblin (1)]
  2562 | D:3      | HP: 3/28 [hobgoblin (2)]
  2685 | D:3      | Noticed Ijyb
  2689 | D:3      | HP: 2/28 [Ijyb/iceblast (10)]
  2706 | D:3      | Slain by Ijyb

Vanquished Creatures
  A hound (D:3)
  An orc priest (D:3)
  4 adders
  2 worms (D:2)
  6 orcs (D:3)
  2 bats
  8 endoplasms
  A giant cockroach (D:1)
  9 goblins
  12 hobgoblins
  A quokka (D:1)
  3 ball pythons
  3 frilled lizards
  6 kobolds
  4 rats
63 creatures vanquished.

Vanquished Creatures (others)
  An adder (D:3)
1 creature vanquished.

Grand Total: 64 creatures vanquished

Table legend:
 A = Non-vault XP
 B = Vault XP
 C = Vault XP percentage of total XP
 D = Non-vault monster count
 E = Vault monster count
 F = Vault count percentage of total count
                 A         B        C        D         E       F
            +---------+---------+-------+---------+---------+-------
      Total |     236 |      17 |   6.7 |      56 |       7 |  11.1
            +---------+---------+-------+---------+---------+-------
        D:1 |      48 |       0 |   0.0 |      21 |       0 |   0.0
        D:2 |      46 |       2 |   4.2 |      17 |       1 |   5.6
        D:3 |     142 |      15 |   9.6 |      18 |       6 |  25.0
            +---------+---------+-------+---------+---------+-------

Illustrated notes

Table legend:
 A = Kills in this place as a percentage of kills in entire the game.
 B = Kills by you in this place as a percentage of kills by you in the entire game.
 C = Kills by friends in this place as a percentage of kills by friends in the entire game.
 D = Other kills in this place as a percentage of other kills in the entire game.
 E = Experience gained in this place as a percentage of experience gained in the entire game.
 F = Experience gained in this place divided by the number of levels of this place that you have seen.
                   A       B       C       D       E      F
               +-------+-------+-------+-------+-------+----------------------
         Total | 100.0 | 100.0 |   N/A |   N/A | 100.0 |  84.3
       Dungeon | 100.0 | 100.0 |   N/A |   N/A | 100.0 |  84.3
               +-------+-------+-------+-------+-------+----------------------

Table legend: (Time is in decaauts)
 A = Elapsed time spent in this place.
 B = Non-inter-level travel time spent in this place.
 C = Inter-level travel time spent in this place.
 D = Time resting spent in this place.
 E = Time spent auto-exploring this place.
 F = Levels seen in this place.
 G = Mean time per level.
                   A        B        C        D        E       F      G
               +--------+--------+--------+--------+--------+-----+--------+
         Total |   2698 |   2601 |     97 |    103 |   1290 |   3 |  899.3 |
       Dungeon |   2698 |   2601 |     97 |    103 |   1290 |   3 |  899.3 |
               +--------+--------+--------+--------+--------+-----+--------+

Top non-repeatable levels by time:
     D:1: 1123 daAuts
     D:2: 1015 daAuts
     D:3: 560 daAuts
